 Dungeon Crawl Stone Soup version 0.31-a0-765-g67fe2935dc (console) character file.

Game seed: 13578978929006699147

1794014 elliptic the Conqueror (level 26, 284/284 HPs)
             Began as an Armataur Warper on Sept 15, 2023.
             Was the Champion of Ru.
             Escaped with the Orb
             ... and 3 runes on Sept 16, 2023!
             The game lasted 03:18:39 (59863 turns).

elliptic the Conqueror (Armataur Warper)           Turns: 59863, Time: 03:18:40

Health: 284/284    AC: 60    Str: 32    XL:     26   Next: 30%
Magic:  25/25      EV:  9    Int: 14    God:    Ru [******]
Gold:   6978       SH:  0    Dex:  9    Spells: 26/28 levels left

rFire   + . .        a - +5 glaive {elec, spectral, norare}
rCold   . . .        (shield currently unavailable)
rNeg    . . .        w - +12 gold dragon scales {nodragon}
rPois   +            R - +3 crown of Dyrovepreva {rElec Int+2 SInv}
rElec   +            x - +2 cloak {rCorr}
rCorr   +            K - +2 pair of gloves
SInv    +            p - +4 barding {Stlth+}
Will    +++..        G - necklace of Bloodlust {Fury *Rage Will++ Int-3 Slay+6} Stlth
                     q - +5 ring of evasion
HPRegen 0.67/turn    u - +6 ring of strength
MPRegen 0.19/turn

%: clarity, roll
@: mighty, hasted, studying 2 skills, very quick
A: large, rugged brown scales 3, deformed body, no stealth, inability to use
devices, inability to train dodging, temperature sensitive, armoured tail, roll,
long tongue, awkward tongue, no forms, clarity, clumsy 1, deterioration 1, fire
resistance 1, MP-powered wands
0: Orb of Zot
}: 3/15 runes: decaying, serpentine, silver
a: Renounce Religion, Draw Out Power, Power Leap, Apocalypse


You escaped.
You worshipped Ru.
Ru was exalted by your worship.
You visited 11 branches of the dungeon, and saw 51 of its levels.
You also visited: Ossuary, Gauntlet and Wizlab.

You collected 13017 gold pieces.
You spent 6039 gold pieces at shops.


Innate Abilities, Weirdness & Mutations

You are completely covered in rugged brown scales. (AC +3, +7% HP)
Armour fits poorly on your strangely shaped body.
You cannot be stealthy.
You cannot study or use magical devices.
You cannot train Dodging skill.
You are sensitive to extremes of temperature. (rF-, rC-)
You have a long armoured tail.
You roll when moving toward enemies. (Rampage)
Your long tongue fully drains potion bottles. (2x potion effects)
Your tongue gives you trouble enunciating. (1.5x scroll delay)
You cannot voluntarily change form.
You possess an exceptional clarity of mind.
You are clumsy. (Dex -2)
Your body sometimes deteriorates upon taking damage.
Your flesh is heat resistant. (rF+)
You expend magic power (3 MP) to strengthen your wands.


   Skills:
 O Level 27 Fighting
 - Level 14.0(16.4) Maces & Flails
 + Level 21.0(22.3) Polearms
 - Level 14.2(21.6) Staves
 - Level 0.8 Throwing
 O Level 27 Armour
 - Level 7.4 Shields
 - Level 1.7 Spellcasting
 - Level 3.0 Translocations


You had 26 spell levels left.
You knew the following spells:

 Your Spells              Type           Power      Damage    Failure   Level
v - Blink                 Tloc           18%        N/A       45%         2

Your spell library contained the following spells:

 Spells                   Type           Power      Damage    Failure   Level
 Apportation              Tloc           18%        N/A       32%         1
 Lesser Beckoning         Tloc           18%        N/A       45%         2
 Gell's Gravitas          Tloc           9%         N/A       69%         3
 Teleport Other           Tloc           9%         N/A       69%         3
 Freeze                   Ice            4%         1d3       75%         1
 Magic Dart               Conj           4%         1d3       75%         1
 Sandblast                Erth           2%         2d4       75%         1
 Shock                    Conj/Air       4%         1d3       75%         1
 Sting                    Tmut/Pois      4%         1d3       75%         1
 Summon Small Mammal      Summ           4%         N/A       75%         1
 Cigotuvi's Dreadful Rot  Necr/Pois/Air  2%         N/A       86%         2
 Jinxbite                 Hex            2%         N/A       86%         2
 Passwall                 Tmut/Erth      0%         N/A       86%         2
 Poisonous Vapours        Pois/Air       2%         N/A       86%         2
 Searing Ray              Conj           2%         2d4       86%         2
 Volatile Blastmotes      Fire/Tloc      10%        2d10      88%         3
 Manifold Assault         Tloc           9%         N/A       97%         4
 Call Canine Familiar     Summ           1%         N/A       98%         3
 Dazzling Flash           Conj/Hex       2%         N/A       98%         3
 Frozen Ramparts          Ice            2%         1d1       98%         3
 Hailstorm                Conj/Ice       1%         3d3       98%         3
 Ignite Poison            Fire/Tmut/Pois 1%         N/A       98%         3
 Inner Flame              Hex/Fire       1%         N/A       98%         3
 Mephitic Cloud           Conj/Pois/Air  1%         N/A       98%         3
 Ozocubu's Armour         Ice            1%         N/A       98%         3
 Stone Arrow              Conj/Erth      2%         3d7       98%         3
 Summon Guardian Golem    Hex/Summ       1%         N/A       98%         3
 Swiftness                Air            1%         N/A       98%         3
 Tukima's Dance           Hex            1%         N/A       98%         3
 Dimensional Bullseye     Hex/Tloc       2%         N/A       99%         4
 Iskenderun's Mystic Bla  Conj/Tloc      5%         2d3       99%         4
 Vhi's Electric Charge    Tloc/Air       10%        N/A       99%         4
 Airstrike                Air            0%         2d(1-17)  100%        4
 Anguish                  Hex/Necr       0%         N/A       100%        4
 Cause Fear               Hex            0%         N/A       100%        4
 Dispel Undead            Necr           1%         3d6       100%        4
 Flame Wave               Conj/Fire      1%         2d4       100%        4
 Fulminant Prism          Conj/Hex       0%         3d5       100%        4
 Leda's Liquefaction      Hex/Erth       0%         N/A       100%        4
 Olgreb's Toxic Radiance  Pois           1%         N/A       100%        4
 Summon Ice Beast         Ice/Summ       1%         N/A       100%        4
 Agony                    Necr           1%         N/A       100%        5
 Alistair's Intoxication  Tmut/Pois      0%         N/A       100%        5
 Arcjolt                  Conj/Air       0%         1d10      100%        5
 Fireball                 Conj/Fire      0%         3d3       100%        5
 Freezing Cloud           Conj/Ice/Air   0%         6-21      100%        5
 Irradiate                Conj/Tmut      0%         3d11      100%        5
 Iskenderun's Battlesphe  Conj           1%         2d6       100%        5
 Lee's Rapid Deconstruct  Erth           0%         3d4*      100%        5
 Metabolic Englaciation   Hex/Ice        0%         N/A       100%        5
 Silence                  Hex/Air        0%         N/A       100%        5
 Yara's Violent Unravell  Hex/Tmut       0%         3d3       100%        5
 Conjure Ball Lightning   Conj/Air       0%         3x3d6     100%        6
 Death Channel            Necr           0%         N/A       100%        6
 Dispersal                Tloc           4%         N/A       100%        6
 Leda's Unmaking          Conj/Erth      0%         9d1       100%        6
 Plasma Beam              Fire/Air       0%         2x1d10    100%        6
 Simulacrum               Ice/Necr       0%         N/A       100%        6
 Enfeeble                 Hex            0%         N/A       100%        7
 Haunt                    Necr/Summ      0%         N/A       100%        7
 Malign Gateway           Summ/Tloc      2%         N/A       100%        7
 Orb of Destruction       Conj           0%         9d5       100%        7
 Ozocubu's Refrigeration  Ice            0%         4d7       100%        7
 Spellforged Servitor     Conj/Summ      0%         N/A       100%        7
 Borgnjor's Revivificati  Necr           0%         N/A       100%        8
 Discord                  Hex            0%         N/A       100%        8
 Disjunction              Tloc           4%         N/A       100%        8
 Ignition                 Fire           0%         3d3       100%        8
 Lehudib's Crystal Spear  Conj/Erth      0%         10d2      100%        8
 Maxwell's Capacitive Co  Air            0%         death     100%        8
 Summon Horrible Things   Summ           0%         N/A       100%        8
 Death's Door             Necr           0%         N/A       100%        9
 Dragon's Call            Summ           0%         N/A       100%        9
 Fire Storm               Conj/Fire      0%         6d1       100%        9

Inventory:

Hand Weapons
 a - the +5 glaive of the Guard (weapon) {elec, spectral, norare}
   (You found it on level 2 of the Depths)
 b - a +9 lajatang of speed {norare}
Missiles
 D - 6 curare-tipped darts (quivered)
Armour
 p - a +4 barding of stealth (worn)
 w - +12 gold dragon scales (worn) {nodragon}
 x - a +2 cloak of preservation (worn)
 K - a +2 pair of gloves (worn)
 R - the +3 crown of Dyrovepreva (worn) {rElec Int+2 SInv}
   (You found it on level 3 of the Elven Halls)

   Int+2:     It affects your intelligence (+2).
   rElec:     It insulates you from electricity.
   SInv:      It lets you see invisible.
Jewellery
 f - a ring of see invisible
 i - an amulet of regeneration
 k - a ring of ice
 n - a ring of protection from cold
 q - a +5 ring of evasion (left hand)
 u - a +6 ring of strength (right hand)
 G - the necklace of Bloodlust (around neck) {Fury *Rage Will++ Int-3 Slay+6}
   (You found it on level 13 of the Dungeon)

   [amulet of nothing]

   Fury:      It extends the wearer's berserk rage when killing foes.
   Int-3:     It affects your intelligence (-3).
   Slay+6:    It affects your accuracy & damage with ranged weapons and melee
   (+6).
   Will++:    It greatly increases your willpower.
   *Rage:     It berserks you when you make melee attacks (+50% chance).
 I - the amulet of Docetecw {+Blink rC+ Will- Regen+ Str+4}
   (You took it off a deep elf demonologist on level 5 of the Vaults)

   [amulet of regeneration]

   Str+4:     It affects your strength (+4).
   rC+:       It protects you from cold.
   Will-:     It decreases your willpower.
   +Blink:    It lets you blink.
   Regen+:    It increases your rate of health regeneration.
 N - the ring of Morality {Fly rPois rF+ Int+2}
   (You bought it in a shop on level 1 of the Orcish Mines)

   [ring of flight]

   Int+2:     It affects your intelligence (+2).
   rF+:       It protects you from fire.
   rPois:     It protects you from poison Fly: It grants you flight.
 O - a ring of resist corrosion
Scrolls
 c - 7 scrolls of blinking
 j - 23 scrolls of teleportation
 l - 4 scrolls of silence {!r}
 s - 6 scrolls of fog
 y - 7 scrolls of poison
 A - a scroll of revelation
 B - 12 scrolls of fear
 C - a scroll of butterflies
 F - a scroll of enchant armour
Potions
 d - 2 potions of berserk rage {!q}
 e - 26 potions of curing
 g - 6 potions of resistance
 h - 7 potions of might
 m - 3 potions of mutation {!q}
 o - 10 potions of haste
 r - 8 potions of enlightenment
 t - 10 potions of brilliance
 v - 4 potions of cancellation
 z - 22 potions of heal wounds
 E - 6 potions of magic
 H - 5 potions of invisibility
 L - 2 potions of ambrosia
 M - 4 potions of attraction


Message History

You reach to attack!
You barely miss the hellephant.
Your +5 glaive of the Guard {elec, spectral, norare} hits the hellephant from afar!!!
Lightning courses through the hellephant!
You hit the hellephant.
Lightning courses through the hellephant!
The hellephant is moderately wounded.
Your +5 glaive of the Guard {elec, spectral, norare} hits the hellephant!
You slice the hellephant!! You tail-slap the hellephant!
The hellephant is severely wounded.
Your +5 glaive of the Guard {elec, spectral, norare} hits the hellephant from afar!!
The hellephant barely misses you. x2; The hellephant gores you!
You focus your inner power and illuminate the hellephant in retribution!
You slash the hellephant!
The hellephant is almost dead.
Your +5 glaive of the Guard {elec, spectral, norare} hits the hellephant!
You hit the hellephant but do no damage.
Lightning courses through the hellephant!!
The hellephant is almost dead.
Your +5 glaive of the Guard {elec, spectral, norare} hits the hellephant!!
You kill the hellephant!
(D) Dungeon (T) Temple (L) Lair (S) Swamp (P) Snake Pit (M) Slime Pits (O) Orcish Mines (E) Elven Halls (V) Vaults (C) Crypt (W) Tomb (U) Depths (H) Hell (Z) Zot
Where to? (Tab/Enter - D:2 @ (x,y), ? - help)
Your +5 glaive of the Guard {elec, spectral, norare} disappears.
HP restored.
Your extra speed is starting to run out.
You feel yourself slow down.
There is a stone staircase leading up here.
You climb upwards.
There is a stone staircase leading down here.
Unknown command.
Unknown command.
You feel yourself speed up.
You slurp down every last drop of the potion of haste!
You enter the shallow water.
There is an open door here.
There is a staircase leading out of the dungeon here.
You have escaped!

......##............##...........
...|..#################.########'
##.#### ####...# #.# #. #.#
#~7##.##77# #.# #. #.#
##~~P#'#P~~# #.# #. #.#
##.~~~~~~~~~7##.########. #.#
#..~~7#'#~~~............. #.#
#.#77##.##77.##.######### #.#
###.# #..@# #.#...#....... ##.#
#...##########.#...#.###### .#.#
#...##.......#.....#.# .#.##
#...##.#####.#.##..#.#
....###...##.# #.#.....#.######
.#........##.#####.#..#.##......#
.#.####...##.....#.#..#.##......#
.#.# #...######.#.#..#.##......#
.#.# ###........#.#..#.##.......


There were no monsters in sight!

Vanquished Creatures
  6 dread liches
  2 orbs of fire (Zot:5)
  4 ancient liches
  A juggernaut (Depths:3)
  The ghost of Zeaxzic Paph the Slayer, a veteran OgBe of Trog (Zot:2)
  Josephina (Zot:1)
  2 Killer Klowns (Zot:5)
  Saint Roka (Orc:2)
  7 caustic shrikes
  2 curse toes
  12 golden dragons
  A profane servitor (Crypt:2)
  Nikola (Snake:2)
  Norris (Elf:3)
  A bone dragon (Crypt:3)
  A hellephant (D:2)
  5 electric golems
  Jorgrun (Snake:2)
  4 liches
  A walking divine tome (Depths:3)
  2 walking earthen tomes
  A deep elf blademaster (Elf:2)
  21 Orb Guardians (Zot:5)
  5 titans
  17 tentacled monstrosities
  5 quicksilver dragons (Zot:4)
  6 death cobs
  2 ancient champions
  9 sphinxes
  A thorn hunter (Swamp:1)
  6 shadow dragons
  Gastronok (D:12)
  3 revenants
  A draconian monk (Zot:2)
  Aizul (Snake:3)
  10 tengu reavers
  5 nagarajas
  15 storm dragons
  2 fenstrider witches
  Donald (Crypt:1)
  10 fire giants
  4 iron dragons
  A draconian knight (Zot:3)
  3 deep elf sorcerers
  A draconian scorcher (Depths:4)
  A ghost moth (Zot:4)
  An emperor scorpion (D:15)
  3 orc warlords
  12 frost giants
  5 spectral caustic shrikes (Depths:3)
  2 draconian shifters
  2 curse skulls
  19 vault wardens
  2 draconian stormcallers
  6 spriggan defenders
  8 ghouls
  15 ironbound preservers
  4 war gargoyles
  A caustic shrike skeleton (Crypt:3)
  14 stone giants
  3 draconian annihilators
  7 ironbound thunderhulks
  3 green draconians
  23 very ugly things
  A formless jellyfish (Vaults:1)
  Nessos (Lair:5)
  5 eleionomae
  7 yellow draconians
  9 black draconians
  A rockslime zombie (Crypt:2)
  5 vampire knights
  A lorocyproca (Depths:3)
  15 dire elephants
  5 red draconians
  6 deep elf demonologists
  2 white draconians
  8 purple draconians
  A minotaur (Gauntlet)
  2 deep elf annihilators
  24 spark wasps
  8 ettins
  Azrael (D:14)
  2 pearl dragon zombies (Crypt:2)
  A green death (Depths:1)
  4 bunyips
  2 crystal guardians (Vaults:2)
  An eidolon (Crypt:2)
  4 deep elf death magi
  A mummy priest (Crypt:3)
  A merfolk javelineer (Depths:3)
  3 entropy weavers
  9 fire dragons
  A merfolk impaler (Depths:3)
  A shambling mangrove (Swamp:4)
  12 jiangshi
  19 yaktaur captains
  9 great orbs of eyes
  8 ice dragons
  5 deep elf high priests
  2 peacekeepers
  Fannar (D:11)
  2 rakshasas
  29 vault guards
  7 spriggan air magi
  3 catoblepae
  An anaconda (shapeshifter) (Lair:5)
  6 salamander tyrants (Snake:4)
  8 centaur warriors
  A quicksilver dragon skeleton (Depths:2)
  5 ghost crabs
  18 hydras
  2 ogre magi (Vaults:5)
  3 spriggan skeletons
  11 alligators
  7 ironbound frosthearts
  11 anacondas
  8 two-headed ogres
  29 dancing weapons
  A death yak (shapeshifter) (Vaults:5)
  3 death knights
  4 deep troll shamans
  17 naga warriors
  7 boulder beetles
  4 death yaks
  5 tengu warriors
  3 hell hogs (Crypt:2)
  14 deep troll earth magi
  Urug (Orc:2)
  8 vampire magi
  3 thrashing horrors (Lair:5)
  A soul eater (Crypt:1)
  10 naga sharpshooters
  5 spriggan berserkers
  6 orc high priests
  4 shock serpents
  A titan zombie (Depths:2)
  2 sun demons
  19 deep elf knights
  10 iron trolls
  48 skeletal warriors
  5 skysharks
  Lodul (D:14)
  A sixfirhy (D:9)
  A fire crab (Lair:4)
  A bunyip zombie (Crypt:3)
  3 salamander mystics
  2 goliath frogs
  3 sea snakes (Snake:2)
  An anaconda zombie (Crypt:1)
  9 flayed ghosts
  4 spriggan druids
  5 naga ritualists
  49 deep trolls
  A deep troll (shapeshifter) (Lair:5)
  11 swamp dragons
  6 lindwurms
  3 glowing orange brains
  A lindwurm (shapeshifter) (Vaults:5)
  13 deep elf archers
  7 wizards
  A glowing orange brain (shapeshifter) (Elf:1)
  9 phantasmal warriors
  2 golden dragon skeletons
  An anaconda skeleton (Crypt:3)
  19 ironbound convokers
  12 bog bodies
  27 deep elf pyromancers
  6 necromancers
  14 mana vipers
  23 deep elf zephyrmancers
  A mana viper (shapeshifter) (Elf:1)
  2 tengu skeletons (Depths:2)
  8 harpies (Vaults:1)
  A shining eye (shapeshifter) (Depths:1)
  25 ugly things
  24 salamanders
  9 orc sorcerers
  3 cyclopes
  2 orc knights
  A faun (shapeshifter) (Lair:5)
  A frost giant zombie (Depths:2)
  2 manticores
  7 spectral spriggans (Swamp:2)
  12 moths of wrath
  8 fire giant skeletons (Crypt:3)
  8 will-o-the-wisps
  An iron dragon skeleton (Crypt:3)
  17 elephants
  Maurice (Orc:2)
  8 centaur zombies (D:11)
  37 slime creatures
  47 black mambas
  4 apis skeletons (Crypt:2)
  8 guardian serpents
  2 molten gargoyles (Gauntlet)
  12 cane toads
  A stone giant skeleton (Crypt:3)
  13 naga magi
  2 orange demons
  2 water nymphs (Swamp:2)
  2 smoke demons (Lair:5)
  A titan simulacrum (Depths:2)
  A dire elephant zombie (Crypt:3)
  A storm dragon simulacrum (Zot:1)
  A dire elephant skeleton (Crypt:3)
  An ice statue (Gauntlet)
  6 gargoyles
  18 vault sentinels
  A grey draconian zombie (Crypt:1)
  A hellion (Depths:2)
  A centaur skeleton (Crypt:3)
  A kobold demonologist (D:13)
  36 yaktaurs
  6 komodo dragons
  Psyche (D:12)
  An efreet (D:15)
  An ice devil (Depths:2)
  8 rime drakes
  8 freezing wraiths
  An alligator snapping turtle skeleton (Crypt:3)
  2 tengu conjurers
  A golden dragon simulacrum (Depths:2)
  9 trolls
  2 harpy zombies (Crypt:3)
  A red devil (Depths:2)
  20 hornets
  A hydra zombie (Crypt:1)
  A bloated husk (Swamp:2)
  A silent spectre (D:13)
  6 polar bears
  A tengu simulacrum (Depths:2)
  6 tyrant leeches
  A tyrant leech (shapeshifter) (Depths:2)
  33 blink frogs
  2 harpy skeletons (Crypt:3)
  3 raiju (Lair:5)
  A draconian simulacrum (Zot:1)
  7 dream sheep (Lair:5)
  A tarantella (shapeshifter) (Vaults:5)
  A fire giant simulacrum (Depths:2)
  A meliai zombie (D:11)
  17 flying skulls
  A water elemental (Depths:2)
  A jumping spider (shapeshifter) (Vaults:5)
  2 air elementals
  A jumping spider (Vaults:1)
  A wyvern (shapeshifter) (Vaults:5)
  8 fire dragon skeletons (Crypt:3)
  14 spriggans
  A dire elephant simulacrum (Crypt:1)
  11 vampires
  8 fire elementals
  5 wyverns
  2 shadows (Crypt:3)
  A ynoxinul (Lair:5)
  48 yaks
  A fire bat (shapeshifter) (Lair:5)
  A chaos spawn (Depths:3)
  16 wraiths
  A hog (shapeshifter) (D:14)
  A wind drake skeleton (Crypt:2)
  3 steam dragons
  A redback (shapeshifter) (Depths:1)
  9 small abominations (Lair:5)
  6 basilisks
  17 swamp worms
  16 vampire mosquitoes
  A redback (Vaults:2)
  A naga zombie (Crypt:3)
  A glowing shapeshifter zombie (Depths:2)
  45 nagas
  2 two-headed ogre zombies (WizLab)
  16 water moccasins
  A warg (Orc:2)
  A moth of wrath simulacrum (Zot:1)
  A naga skeleton (Crypt:1)
  4 swamp drakes
  3 floating eyes
  A floating eye (shapeshifter) (Vaults:5)
  43 orc warriors
  A demonspawn skeleton (Crypt:2)
  4 hell hounds (D:14)
  A black bear (shapeshifter) (Depths:3)
  2 sky beasts
  2 black bears
  15 ogres
  The ghost of olddryhag the Grasshopper, an amateur DrWr (D:5)
  2 centaurs (D:14)
  9 boggarts
  6 wolves
  3 elf zombies (Ossuary)
  Blork the orc (D:4)
  3 kobold brigands
  15 bullfrogs
  3 earth elementals
  A gnoll sergeant (D:10)
  A necrophage (Crypt:1)
  6 scorpions
  9 wights
  9 troll zombies (WizLab)
  3 howler monkeys
  A troll skeleton (Crypt:2)
  9 killer bees (D:8)
  2 electric eels
  5 crimson imps (D:10)
  A human zombie (Crypt:1)
  12 jellies
  A basilisk zombie (Crypt:1)
  17 orc priests
  2 gnoll boudas (D:7)
  5 iguanas
  2 sleepcaps
  Jessica (D:2)
  20 orc wizards
  5 ogre zombies (WizLab)
  4 mummies (Ossuary)
  22 gnolls
  5 adders
  4 shadow imps
  2 white imps (D:10)
  An ufetubus (D:4)
  A lava snake zombie (Crypt:1)
  4 worms (D:2)
  3 dart slugs
  95 orcs
  7 ball pythons
  9 endoplasms
  4 giant cockroaches
  6 goblins
  3 hobgoblins
  2 jackals (D:3)
  25 kobolds
  4 quokkas
  3 bats
  A dart slug zombie (Crypt:2)
  An endoplasm zombie (Crypt:1)
  7 frilled lizards
  A frilled lizard zombie (Crypt:2)
  A gnoll skeleton (Crypt:2)
  2 goblin zombies (Ossuary)
  A hobgoblin skeleton (Crypt:2)
  A hobgoblin zombie (Ossuary)
  2 jackal zombies
  A kobold zombie (Ossuary)
  3 orc zombies (Ossuary)
  6 rats
  A rat zombie (Ossuary)
2267 creatures vanquished.

Vanquished Creatures (others)
  An Orb Guardian (Zot:5)
  A death cob (Depths:4)
  Agnes (D:14)
  A storm dragon (Depths:3)
  A draconian monk (Zot:2)
  A frost giant (Vaults:5)
  A draconian annihilator (Zot:4)
  A black draconian (Zot:1)
  A purple draconian (Zot:4)
  Snorg (Orc:2)
  A hydra (Lair:5)
  An alligator (Swamp:4)
  A deep troll shaman (Depths:3)
  A thrashing horror (Lair:5)
  A bog body (Lair:2)
  An ironbound convoker (Vaults:5)
  A deep elf zephyrmancer (Elf:1)
  2 centaur zombies (D:11)
  2 elephants
  A yaktaur (Vaults:2)
  8 bloated husks
  A troll (D:12)
  3 slime creatures
  3 vampire mosquitoes (Swamp:1)
  A green draconian simulacrum (Zot:1)
  A swamp worm (Swamp:4)
  2 nagas
  5 orcs
  A hobgoblin (D:3)
  22 foxfires
  13 spectral weapons
82 creatures vanquished.

Grand Total: 2349 creatures vanquished

Notes
Turn   | Place    | Note
-------+----------+-------------------------------------------
     0 | D:1      | elliptic the Armataur Warper began the quest for the Orb.
     0 | D:1      | Reached XP level 1. HP: 18/18 MP: 3/3
    81 | D:1      | Reached XP level 2. HP: 17/25 MP: 4/4
    84 | D:1      | Learned a level 2 spell: Blink
  1004 | D:2      | Noticed Jessica
  1009 | D:2      | Killed Jessica
  1010 | D:2      | Reached XP level 3. HP: 32/32 MP: 5/5
  1063 | D:2      | Reached skill level 3 in Fighting
  1270 | D:2      | Reached skill level 3 in Maces & Flails
  1312 | D:2      | Reached XP level 4. HP: 40/40 MP: 6/6
  1877 | D:2      | HP: 6/40 [gnoll/+0 flail (10)]
  2119 | D:3      | Reached XP level 5. HP: 15/48 MP: 7/7
  2583 | D:3      | Found an ancient bone altar of Kikubaaqudgha.
  3295 | D:4      | Reached XP level 6. HP: 46/55 MP: 8/8
  3384 | D:4      | Found a sand-covered staircase.
  3423 | D:4      | Found a staircase to the Ecumenical Temple.
  3436 | Temple   | Entered the Ecumenical Temple
  3436 | Temple   | Noticed a red devil
  3437 | Temple   | what
  3437 | Temple   | Noticed Posethreevi the pandemonium lord
  3437 | Temple   | Noticed Tuiz the pandemonium lord
  3437 | Temple   | Noticed a Hell Sentinel
  3437 | Temple   | Noticed an ice devil
  3438 | Temple   | Noticed a blizzard demon
  3438 | Temple   | Noticed a shadow demon
  3438 | Temple   | Noticed a rust devil
  3439 | Temple   | Noticed Faffotzo the pandemonium lord
  3439 | Temple   | Noticed a Brimstone Fiend
  3455 | Temple   | Became a worshipper of Ru the Awakened
  3491 | D:4      | Identified the +5 long sword "Uptarib" {heavy, rF+ Int+3}
  3512 | Ossuary  | Entered an ossuary
  3693 | Ossuary  | Reached XP level 7. HP: 20/66 MP: 9/9
  3929 | Ossuary  | Acquired a +1 barding of stealth
  3978 | D:4      | Reached skill level 6 in Fighting
  4152 | D:4      | Found a radiant altar of Vehumet.
  4336 | D:4      | Reached skill level 3 in Armour
  4348 | D:4      | Found a bloodstained altar of Trog.
  4348 | D:4      | Found a white marble altar of Elyvilon.
  4510 | D:5      | Entered Level 5 of the Dungeon
  4721 | D:4      | Noticed Blork the orc
  4728 | D:4      | Killed Blork the orc
  5075 | D:5      | Reached XP level 8. HP: 65/75 MP: 10/10
  5087 | D:5      | Gained mutation: You cannot train Dodging skill. [Ru
                  | sacrifice]
  5087 | D:5      | Reached * piety under Ru
  5400 | D:5      | Found a runed translucent gate.
  5400 | D:5      | Found a runed translucent gate.
  5400 | D:5      | Found a runed translucent gate.
  5401 | D:5      | Noticed olddryhag's ghost (amateur DrWr)
  5794 | D:6      | Reached skill level 6 in Armour
  6389 | D:6      | Reached skill level 9 in Armour
  6433 | D:6      | Paralysed by a kobold for 3 turns
  6510 | D:6      | Found Xesuc's Weapon Boutique.
  6775 | D:6      | Found an iron altar of Okawaru.
  7113 | D:7      | ow
  7118 | D:7      | Reached XP level 9. HP: 28/84 MP: 11/11
  7347 | D:7      | Found a hide-covered altar of Uskayaw.
  8074 | D:7      | Reached skill level 12 in Armour
  8418 | D:7      | Gained mutation: You cannot be stealthy. [Ru sacrifice]
  8418 | D:7      | Reached ** piety under Ru
  8472 | D:8      | Noticed a two-headed ogre
  8580 | D:7      | sigh
  8587 | D:7      | Reached XP level 10. HP: 87/96 MP: 12/12
  8752 | D:8      | sigh
  8753 | D:8      | why
  8793 | D:8      | Reached skill level 9 in Fighting
  8958 | D:8      | Killed a two-headed ogre
  9076 | D:8      | Found an ornate altar of the Wu Jian Council.
  9178 | D:8      | Noticed a centaur warrior
  9191 | D:8      | Killed a centaur warrior
  9191 | D:8      | Noticed a manticore
  9200 | D:8      | Noticed a rakshasa
  9201 | D:8      | ...
  9201 | D:8      | Killed a manticore
  9202 | D:8      | Reached XP level 11. HP: 53/107 MP: 13/13
  9422 | D:9      | Found a burning altar of Makhleb.
  9547 | D:9      | Found a snail-covered altar of Cheibriados.
  9603 | D:9      | Noticed a brown ugly thing
  9616 | D:9      | Killed a brown ugly thing
  9740 | D:9      | Gained mutation: You are agile. (Dex +4, Str/Int -1)
                  | [potion of mutation]
  9740 | D:9      | Gained mutation: You are covered in fur. (AC +1) [potion of
                  | mutation]
  9740 | D:9      | Gained mutation: You have a pair of small antennae on your
                  | head. [potion of mutation]
  9740 | D:9      | Gained mutation: Your mind is acute. (Int +4, Str/Dex -1)
                  | [potion of mutation]
  9995 | D:10     | Entered Level 10 of the Dungeon
 10351 | D:10     | Reached skill level 15 in Armour
 10426 | D:10     | Gained mutation: You cannot study or use magical devices.
                  | [Ru sacrifice]
 10426 | D:10     | Reached *** piety under Ru
 10426 | D:10     | Reached **** piety under Ru
 10565 | D:10     | Found a staircase to the Lair.
 11060 | D:11     | Found Zohae's Magic Scroll Boutique.
 11074 | D:11     | Bought a scroll of enchant armour for 105 gold pieces
 11124 | D:11     | well
 11124 | D:11     | do I just want unarmed now
 11124 | D:11     | I'll see if there are more shops I guess
 11163 | D:11     | Paralysed by a hornet for 3 turns
 11165 | D:11     | Reached skill level 1 in Shields
 11249 | D:11     | uh
 11411 | D:11     | Reached skill level 3 in Shields
 11510 | D:11     | Noticed Fannar
 11522 | D:11     | Killed Fannar
 11527 | D:11     | Lost mutation: Your mind is acute. (Int +4, Str/Dex -1)
                  | [potion of mutation]
 11527 | D:11     | Lost mutation: You are agile. (Dex +4, Str/Int -1) [potion
                  | of mutation]
 11527 | D:11     | Lost mutation: You have a pair of small antennae on your
                  | head. [potion of mutation]
 11527 | D:11     | Lost mutation: You are covered in fur. (AC +1) [potion of
                  | mutation]
 11527 | D:11     | Gained mutation: You are clumsy. (Dex -2) [potion of
                  | mutation]
 11527 | D:11     | Gained mutation: Your flesh is heat resistant. (rF+)
                  | [potion of mutation]
 11527 | D:11     | Gained mutation: Your body sometimes deteriorates upon
                  | taking damage. [potion of mutation]
 11527 | D:11     | Gained mutation: You have large cloven feet. [potion of
                  | mutation]
 11527 | D:11     | Lost mutation: You have large cloven feet. [potion of
                  | mutation]
 11527 | D:11     | Gained mutation: You possess an exceptional clarity of
                  | mind. [potion of mutation]
 11527 | D:11     | Gained mutation: You expend magic power (3 MP) to
                  | strengthen your wands. [potion of mutation]
 11956 | D:11     | Reached skill level 6 in Shields
 12072 | D:11     | Reached XP level 12. HP: 101/117 MP: 14/14
 12095 | D:11     | Found a basalt altar of Yredelemnul.
 12179 | D:11     | eh
 12540 | D:12     | Noticed a boulder beetle
 12854 | D:12     | Found a staircase to the Orcish Mines.
 12868 | D:12     | Noticed Gastronok
 12939 | D:12     | Killed Gastronok
 13018 | D:12     | Found a runed translucent door.
 13019 | D:12     | Noticed Psyche
 13324 | D:12     | Killed Psyche
 13353 | D:12     | Reached skill level 12 in Fighting
 13424 | D:12     | Noticed an orc high priest
 13441 | D:12     | Killed an orc high priest
 13554 | D:12     | meh
 13602 | Orc:1    | Entered Level 1 of the Orcish Mines
 13681 | D:12     | hm
 13681 | D:12     | I guess
 13681 | D:12     | Gained mutation: You are sensitive to extremes of
                  | temperature. (rF-, rC-) [Ru sacrifice]
 13681 | D:12     | Reached ***** piety under Ru
 13905 | Orc:1    | Found Otuf Xou's Jewellery Shoppe.
 14114 | Orc:2    | Entered Level 2 of the Orcish Mines
 14121 | Orc:2    | Noticed Urug
 14131 | Orc:2    | Killed Urug
 14342 | Orc:1    | meh
 14344 | Orc:1    | I'll just use that in lair a bit I guess
 14412 | Lair:1   | Entered Level 1 of the Lair of Beasts
 14584 | Lair:1   | Reached XP level 13. HP: 107/110 MP: 15/15
 14594 | Lair:1   | Reached skill level 6 in Maces & Flails
 15394 | Orc:2    | Noticed Snorg
 15410 | Orc:2    | meh
 15457 | Orc:2    | Found Rdumeor's Retail Resort.
 15463 | Orc:2    | Noticed Saint Roka
 15464 | Orc:2    | vamp glaive? eh
 15509 | Orc:2    | Killed Snorg
 15583 | Orc:2    | Gained mutation: You cannot voluntarily change form. [Ru
                  | sacrifice]
 15583 | Orc:2    | Reached ****** piety under Ru
 15590 | Orc:2    | Noticed Maurice
 15598 | Orc:2    | Maurice stole a staff of air
 15601 | Orc:2    | Killed Maurice
 15686 | Orc:2    | Noticed an orc warlord
 15687 | Orc:2    | meh
 15797 | Lair:2   | Found a staircase to the Swamp.
 15798 | Lair:2   | meh
 15828 | Lair:2   | sigh
 15839 | Lair:2   | Reached skill level 9 in Maces & Flails
 15953 | Lair:2   | Found a gate leading to a gauntlet.
 15959 | Gauntlet | Entered a Gauntlet
 15959 | Gauntlet | Found a transporter.
 15959 | Gauntlet | Found a transporter.
 15964 | Gauntlet | Found a transporter.
 15979 | Gauntlet | Found a transporter.
 15995 | Gauntlet | Found a transporter.
 16006 | Gauntlet | Found a transporter.
 16023 | Gauntlet | Found a transporter.
 16096 | Gauntlet | Found a transporter.
 16096 | Gauntlet | Found a transporter.
 16106 | Gauntlet | Found a transporter.
 16117 | Gauntlet | Found a transporter.
 16119 | Gauntlet | Found a transporter.
 16142 | Gauntlet | Found a transporter.
 16173 | Gauntlet | Found a transporter.
 16213 | Gauntlet | Found a transporter.
 16229 | Gauntlet | Found a transporter.
 16509 | Gauntlet | Identified the +0 helmet of Lies {-Tele Int+6 Slay+2}
 16511 | Gauntlet | :(
 16578 | Gauntlet | Noticed a minotaur
 16584 | Gauntlet | Killed a minotaur
 16592 | Gauntlet | awful gauntlet
 16863 | Lair:2   | Got the Secrets of Power
 17275 | Lair:2   | Found a staircase to the Snake Pit.
 17485 | Orc:2    | Killed an orc warlord
 17546 | Orc:2    | Reached XP level 14. HP: 108/125 MP: 16/16
 17581 | Orc:2    | Noticed an orc warlord
 17623 | Orc:1    | Killed an orc warlord
 17703 | Orc:1    | Reached skill level 12 in Maces & Flails
 19055 | Orc:2    | Found a staircase to the Elven Halls.
 19065 | Orc:2    | Found Cil Xiuj's General Store.
 19089 | Orc:2    | Found Moonorho's Book Emporium.
 19188 | Orc:2    | meh
 19246 | Orc:2    | Killed Saint Roka
 19353 | Orc:2    | Bought a potion of resistance for 130 gold pieces
 19392 | Orc:2    | Found Vumatot's Antique Armour Shoppe.
 19466 | Orc:2    | Found Sacaf's Antique Weapon Emporium.
 19474 | Orc:2    | fine
 19720 | Orc:2    | Bought a glowing demon trident for 378 gold pieces
 19734 | Orc:2    | Bought a heavily runed buckler for 294 gold pieces
 19734 | Orc:2    | Identified the +3 buckler "Tuam" {Int+2} (You bought it in
                  | a shop on level 2 of the Orcish Mines)
 19735 | Orc:2    | Bought a pair of embroidered gloves for 232 gold pieces
 19737 | Orc:2    | Acquired 1240 gold pieces
 19741 | Orc:2    | hm
 19741 | Orc:2    | maybe not yet
 20216 | Lair:4   | Identified the +2 war axe of Malaise {pain, rC+ rN+ Dex-2}
 21081 | Lair:5   | Entered Level 5 of the Lair of Beasts
 21140 | Lair:5   | Noticed Nessos
 21149 | Lair:5   | Killed Nessos
 21150 | Lair:5   | Reached skill level 18 in Armour
 21245 | Lair:5   | Found a viscous altar of Jiyva.
 21246 | Lair:5   | Found a staircase to the Slime Pits.
 21578 | Lair:5   | Reached XP level 15. HP: 97/146 MP: 17/17
 22392 | Lair:5   | Found a corrupted altar of Lugonu.
 22392 | Lair:5   | Found a one-way gate to the infinite horrors of the Abyss.
 22402 | Lair:5   | Identified the +1 scale mail "Ifeheom" {rF+ Int+5 Dex-2}
 23124 | D:8      | Found a blossoming altar of Fedhas.
 23201 | D:5      | Killed olddryhag's ghost
 23766 | D:13     | Found a gate to the Vaults.
 24044 | D:13     | Found a transporter.
 24330 | D:13     | Found a bloodstained altar of Trog.
 24330 | D:13     | Found the necklace of Bloodlust {Fury *Rage Will++ Int-3
                  | Slay+6}
 24331 | D:13     | uh
 24331 | D:13     | how does this vault work
 24331 | D:13     | oh silence hm
 24331 | D:13     | like if it's just fight the ettin silenced then I can
                  | consider
 24331 | D:13     | okay I have no idea what is in here
 24338 | D:13     | am interested in that axe
 24448 | D:13     | oh I'm probably fine then?
 24448 | D:13     | have those too
 24452 | D:13     | Found a transporter.
 24452 | D:13     | Found a runed translucent door.
 24506 | D:13     | :(
 24650 | D:13     | Identified the +0 plate armour of Ixtohimpin {-Cast Regen+
                  | Int-2 Slay+5}
 24652 | D:13     | sure
 24657 | D:13     | sure
 24706 | D:13     | yay
 24716 | D:13     | okay
 24971 | D:14     | Noticed Agnes
 24972 | D:14     | okay then
 24972 | D:14     | eh
 24976 | D:14     | Killed Agnes
 24977 | D:14     | Reached skill level 1 in Staves
 25153 | D:11     | Bought a scroll of brand weapon for 133 gold pieces
 25231 | D:14     | Noticed Lodul
 25241 | D:14     | Killed Lodul
 25304 | D:14     | Noticed Azrael
 25322 | D:14     | Reached skill level 3 in Staves
 25334 | D:14     | Killed Azrael
 25649 | D:15     | Entered Level 15 of the Dungeon
 25733 | D:15     | Found a shadowy altar of Dithmenos.
 26201 | D:15     | Reached XP level 16. HP: 157/157 MP: 18/18
 26302 | D:15     | Reached skill level 6 in Staves
 26349 | D:15     | Found a staircase to the Depths.
 26731 | Orc:1    | Bought the ring of Morality {Fly rPois rF+ Int+2} for 478
                  | gold pieces
 26907 | Snake:1  | Entered Level 1 of the Snake Pit
 27103 | Snake:1  | Found a basalt altar of Yredelemnul.
 27278 | Snake:1  | Identified the ring of Unassizo {Fly Int+4}
 27578 | Snake:2  | Noticed Nikola
 27595 | Snake:2  | Killed Nikola
 27661 | Snake:2  | Reached skill level 9 in Staves
 27696 | Snake:2  | Noticed Jorgrun
 27712 | Snake:2  | Killed Jorgrun
 29168 | Snake:3  | Reached skill level 21 in Armour
 29647 | Snake:3  | Reached XP level 17. HP: 163/164 MP: 19/19
 29847 | Snake:3  | Noticed Aizul
 29871 | Snake:3  | Killed Aizul
 30616 | Snake:4  | Entered Level 4 of the Snake Pit
 30663 | Snake:4  | Reached skill level 24 in Armour
 30980 | Snake:4  | Reached skill level 15 in Fighting
 31998 | Snake:4  | Got a serpentine rune of Zot
 32174 | Swamp:1  | Entered Level 1 of the Swamp
 32948 | Swamp:2  | Reached XP level 18. HP: 168/181 MP: 20/20
 33326 | Swamp:2  | Reached skill level 18 in Fighting
 34439 | Swamp:4  | Entered Level 4 of the Swamp
 34997 | Swamp:4  | Got a decaying rune of Zot
 35343 | Elf:1    | Entered Level 1 of the Elven Halls
 35608 | Elf:1    | Paralysed by a floating eye for 3 turns
 35894 | Elf:1    | Reached XP level 19. HP: 161/194 MP: 21/21
 35978 | Elf:1    | Found a runed translucent gate.
 35978 | Elf:1    | Found a runed translucent gate.
 35978 | Elf:1    | Found a runed translucent gate.
 35978 | Elf:1    | Found a runed translucent gate.
 35978 | Elf:1    | Found a runed translucent gate.
 35980 | Elf:1    | Found a runed translucent gate.
 36238 | Elf:1    | Identified the +4 hand axe of the Blowfly {venom, Dex+2}
 36609 | Elf:2    | Found a huge runed translucent gate.
 36609 | Elf:2    | Found a huge runed translucent gate.
 36609 | Elf:2    | Found a huge runed translucent gate.
 36609 | Elf:2    | Found a huge runed translucent gate.
 36610 | Elf:2    | Found a huge runed translucent gate.
 36647 | Elf:2    | Found Giko's Antique Weapon Shoppe.
 36675 | Elf:2    | Bought a runed lajatang for 540 gold pieces
 36776 | Elf:2    | Paralysed by an air elemental for 1 turns
 36783 | Elf:2    | Paralysed by an air elemental for 1 turns
 36795 | Elf:2    | Reached skill level 21 in Fighting
 36910 | Elf:2    | Noticed a Brimstone Fiend
 37742 | Elf:3    | Entered Level 3 of the Elven Halls
 38006 | Elf:3    | Found the +3 crown of Dyrovepreva {rElec Int+2 SInv}
 38039 | Elf:3    | Noticed Norris
 38090 | Elf:3    | Killed Norris
 38158 | Elf:3    | Found a radiant altar of Vehumet.
 38704 | Vaults:1 | Entered Level 1 of the Vaults
 39036 | Vaults:1 | Reached XP level 20. HP: 145/209 MP: 22/22
 39609 | Vaults:1 | Found Hamuweyb's Antique Weapon Emporium.
 39917 | Vaults:2 | Found Seexiud's General Store.
 39920 | Vaults:2 | Found Orail's Antique Weapon Boutique.
 40575 | Vaults:2 | Reached skill level 24 in Fighting
 40808 | Vaults:2 | Found Wimpusei's Book Shop.
 40846 | Vaults:2 | Found Wulloli's Book Boutique.
 41233 | Vaults:3 | Found a staircase to the Crypt.
 41683 | Vaults:3 | Got the Papyrus of Abstinence
 41884 | Vaults:3 | Found Osuy's Antique Armour Shoppe.
 41892 | Vaults:3 | Bought a glowing cloak for 277 gold pieces
 41904 | Vaults:3 | Bought a glowing cloak for 277 gold pieces
 42121 | Vaults:3 | Reached XP level 21. HP: 232/232 MP: 23/23
 43778 | Crypt:1  | Entered Level 1 of the Crypt
 43849 | Crypt:1  | Noticed Donald
 43860 | Crypt:1  | Killed Donald
 44272 | Crypt:1  | Found the +10 tower shield of Ignorance {rN+ Int-4}
 45158 | Crypt:2  | Noticed a profane servitor
 45170 | Crypt:2  | Killed a profane servitor
 45298 | Crypt:2  | Found a basalt altar of Yredelemnul.
 45483 | Crypt:2  | Reached skill level 27 in Fighting
 45502 | Crypt:2  | Got the Omnibus of Unstable Refrigeration
 45822 | Crypt:3  | Entered Level 3 of the Crypt
 45910 | Crypt:3  | Reached XP level 22. HP: 199/243 MP: 24/24
 46424 | Crypt:3  | Found a staircase to the Tomb.
 46622 | Crypt:3  | Acquired a staff of death
 47121 | Crypt:3  | Found an ancient bone altar of Kikubaaqudgha.
 47162 | Crypt:3  | Noticed a dread lich
 47178 | Crypt:3  | Killed a dread lich
 47226 | Crypt:3  | Identified the staff "Upsist" {rPois rN+ Conj}
 47520 | Depths:1 | Entered Level 1 of the Depths
 47724 | Depths:1 | Found Esowkep's Antique Armour Emporium.
 47727 | Depths:1 | Bought a spiked plate armour for 1120 gold pieces
 47727 | Depths:1 | Identified the +0 plate armour of the Bequeathed Slorg
                  | {Dex+2} (You bought it in a shop on level 1 of the Depths)
 47797 | Depths:1 | Noticed a golden dragon
 47811 | Depths:1 | Found a gateway to Hell.
 47824 | Depths:1 | Killed a golden dragon
 47934 | Depths:1 | Reached skill level 27 in Armour
 48216 | Depths:1 | Noticed a caustic shrike
 48222 | Depths:1 | Killed a caustic shrike
 48470 | Depths:1 | Found the +5 demon whip "Spellbinder" {antimagic, disrupt,
                  | Will+}
 48586 | Depths:2 | Reached skill level 12 in Staves
 48668 | Depths:2 | ehhhh
 48893 | Depths:2 | Found a magical portal.
 48898 | WizLab   | Entered Zonguldrok's Shrine
 49247 | WizLab   | Reached XP level 23. HP: 229/231 MP: 25/25
 49276 | WizLab   | Noticed an antique lich
 49283 | WizLab   | Killed an antique lich
 49287 | WizLab   | Found the +9 sword of Zonguldrok {reap}
 49684 | Depths:2 | Found the +5 glaive of the Guard {elec, spectral}
 49691 | Depths:2 | ...
 49691 | Depths:2 | hm
 49834 | Depths:2 | Reached skill level 1 in Polearms
 49838 | Depths:2 | Found a one-way gate leading to the halls of Pandemonium.
 49867 | Depths:2 | Found a one-way gateway to a ziggurat.
 50082 | Depths:3 | Noticed a caustic shrike
 50084 | Depths:3 | Reached skill level 3 in Polearms
 50199 | Depths:2 | Killed a caustic shrike
 50560 | Depths:2 | Reached skill level 6 in Polearms
 50834 | Depths:3 | Found Yhukialapt's Magic Scroll Emporium.
 50846 | Depths:3 | Identified the +12 falchion "Reubruer" {freeze, rN++ Will-
                  | Dex+5}
 50922 | Depths:3 | Noticed a caustic shrike
 50931 | Depths:3 | Killed a caustic shrike
 51073 | Depths:3 | Noticed a juggernaut
 51079 | Depths:3 | Killed a juggernaut
 51115 | Depths:3 | Reached skill level 9 in Polearms
 51412 | Depths:4 | Entered Level 4 of the Depths
 51412 | Depths:4 | Noticed a caustic shrike
 51412 | Depths:4 | Noticed a caustic shrike
 51412 | Depths:4 | Noticed a caustic shrike
 51425 | Depths:4 | Killed a caustic shrike
 51428 | Depths:4 | Killed a caustic shrike
 51437 | Depths:4 | Killed a caustic shrike
 51445 | Depths:4 | sigh
 51451 | Depths:4 | sigh
 51696 | Depths:4 | Reached XP level 24. HP: 120/266 MP: 25/25
 52030 | Depths:4 | Found a gate to the Realm of Zot.
 52923 | Depths:3 | Found a corrupted altar of Lugonu.
 53021 | Depths:3 | Reached skill level 12 in Polearms
 53363 | Vaults:5 | Entered Level 5 of the Vaults
 53531 | Vaults:5 | Noticed a dread lich
 53536 | Vaults:5 | Killed a dread lich
 54319 | Vaults:5 | Noticed an ancient lich
 54336 | Vaults:5 | Killed an ancient lich
 54421 | Vaults:5 | Noticed an ancient lich
 54429 | Vaults:5 | Killed an ancient lich
 54457 | Vaults:5 | Noticed an ancient lich
 54470 | Vaults:5 | Killed an ancient lich
 54527 | Vaults:5 | Reached skill level 15 in Polearms
 54983 | Vaults:5 | Identified the +4 quarterstaff of Honour {freeze, Str+2
                  | Int+3}
 54983 | Vaults:5 | Identified the staff "Qeinyor" {rN+ rCorr Necro}
 55027 | Vaults:5 | Noticed a dread lich
 55036 | Vaults:5 | Killed a dread lich
 55352 | Vaults:5 | Reached XP level 25. HP: 266/267 MP: 25/25
 55396 | Vaults:5 | Identified the +5 great sword of Peril {flame, Will+ Str+5}
 55396 | Vaults:5 | Identified the amulet of Docetecw {+Blink rC+ Will- Regen+
                  | Str+4}
 55737 | Vaults:5 | Found Edoywoos's Distillery.
 55742 | Vaults:5 | Bought a potion of haste for 110 gold pieces
 55742 | Vaults:5 | Bought a potion of heal wounds for 55 gold pieces
 55742 | Vaults:5 | Bought a potion of might for 44 gold pieces
 55742 | Vaults:5 | Bought a potion of heal wounds for 55 gold pieces
 55742 | Vaults:5 | Bought a potion of might for 44 gold pieces
 55742 | Vaults:5 | Bought a potion of invisibility for 88 gold pieces
 55771 | Vaults:5 | Found Harch's Magic Scroll Shoppe.
 55771 | Vaults:5 | Found Eddougig's Magic Scroll Shop.
 55773 | Vaults:5 | Found Dogoib Ylay's Magic Scroll Boutique.
 55778 | Vaults:5 | Bought a scroll of teleportation for 45 gold pieces
 55778 | Vaults:5 | Bought a scroll of blinking for 112 gold pieces
 55778 | Vaults:5 | Bought a scroll of teleportation for 45 gold pieces
 55785 | Vaults:5 | Bought a scroll of teleportation for 42 gold pieces
 55785 | Vaults:5 | Bought a scroll of teleportation for 42 gold pieces
 55785 | Vaults:5 | Bought a scroll of blinking for 105 gold pieces
 55785 | Vaults:5 | Bought a scroll of revelation for 105 gold pieces
 55799 | Vaults:5 | Bought a scroll of teleportation for 42 gold pieces
 55832 | Vaults:5 | Found Cobymuo's Distillery.
 55840 | Vaults:5 | Bought a potion of heal wounds for 100 gold pieces
 55840 | Vaults:5 | Bought a potion of curing for 60 gold pieces
 55840 | Vaults:5 | Bought a potion of magic for 160 gold pieces
 55840 | Vaults:5 | Bought a potion of enlightenment for 100 gold pieces
 55840 | Vaults:5 | Bought a potion of resistance for 200 gold pieces
 55840 | Vaults:5 | Bought a potion of ambrosia for 160 gold pieces
 55994 | Vaults:5 | Got a silver rune of Zot
 56105 | Vaults:5 | Got the Tome of Petrified Haze
 56197 | Vaults:5 | Found Ezahup's Magic Scroll Shoppe.
 56207 | Vaults:5 | Bought a scroll of enchant armour for 142 gold pieces
 56207 | Vaults:5 | Bought a scroll of teleportation for 57 gold pieces
 56416 | Vaults:2 | Bought a potion of curing for 42 gold pieces
 56538 | Orc:2    | Bought a potion of haste for 120 gold pieces
 56744 | Zot:1    | Entered Level 1 of the Realm of Zot
 56745 | Zot:1    | Noticed an electric golem
 56914 | Zot:1    | Killed an electric golem
 56920 | Zot:1    | Identified the ring "Qoyle" {Ice +Blink Str-2 Dex+6}
 56920 | Zot:1    | Noticed Josephina
 57071 | Zot:1    | Killed Josephina
 57180 | Zot:2    | Found a runed translucent door.
 57180 | Zot:2    | Noticed Zeaxzic Paph's ghost (veteran OgBe)
 57426 | Zot:2    | Noticed an electric golem
 57438 | Zot:2    | Killed an electric golem
 57500 | Zot:2    | Killed Zeaxzic Paph's ghost
 57715 | Zot:3    | Reached skill level 18 in Polearms
 58045 | Zot:3    | Acquired 839 gold pieces
 58224 | Zot:4    | Noticed an electric golem
 58252 | Zot:4    | Killed an electric golem
 58671 | Zot:5    | Entered Level 5 of the Realm of Zot
 58734 | Zot:5    | Noticed an orb of fire
 58735 | Zot:5    | Found a runed translucent gate.
 58735 | Zot:5    | Found a runed translucent gate.
 58735 | Zot:5    | Found a runed translucent gate.
 58735 | Zot:5    | Noticed Goplog's ghost (master TeAE)
 59114 | Zot:5    | Noticed a dread lich
 59116 | Zot:5    | Paralysed by a Zot trap for 3 turns
 59121 | Zot:5    | Noticed a Killer Klown
 59122 | Zot:5    | Killed a dread lich
 59134 | Zot:5    | Killed a Killer Klown
 59145 | Zot:5    | Noticed an orb of fire
 59145 | Zot:5    | Noticed an orb of fire
 59145 | Zot:5    | Noticed a dread lich
 59155 | Zot:5    | Killed a dread lich
 59161 | Zot:5    | Killed an orb of fire
 59161 | Zot:5    | Noticed an electric golem
 59162 | Zot:5    | Reached XP level 26. HP: 238/284 MP: 21/25
 59169 | Zot:5    | Killed an orb of fire
 59169 | Zot:5    | Noticed a dread lich
 59176 | Zot:5    | Killed a dread lich
 59187 | Zot:5    | Killed an electric golem
 59224 | Zot:5    | Noticed an electric golem
 59237 | Zot:5    | Killed an electric golem
 59266 | Zot:5    | Got the Orb of Zot
 59406 | Zot:2    | Noticed Cukliucw the pandemonium lord
 59614 | D:9      | Reached skill level 21 in Polearms
 59863 | D:$      | Escaped with the Orb!

Levels and vault maps discovered:
D:1:      sevenhm_arrival_forest_fort_small_4, layout_basic,
          lexackson_kobold_supper
D:2:      layout_loops_cross, uniq_jessica
D:3:      layout_basic, nicolae_kikubaaqudgha_miasma_corner
D:4:      layout_rooms, nicolae_overflow_hidden_temple,
          chequers_temple_overflow_statue_of_worship,
          minmay_temple_entry_antechambers, portal_sewer_entry_d,
          nicolae_ossuary_entry_false_entrances, uniq_blork_the_orc
D:5:      layout_loops_cross, gammafunk_ghost_nasty_kobolds
D:6:      layout_layer_cave, mainiacjoe_overflow_alcove_4, serial_shops,
          nicolae_shop_temple_entry_statues_fountains, glass_columns_a,
          minivault_5
D:7:      minmay_evil_eye, layout_basic, kennysheep_mini_moat,
          kennysheep_small_square
D:8:      minmay_distorted_concentric_squares, layout_cave_pools,
          mainiacjoe_overflow_chevrons, nzn_wu_jian_council_hall
D:9:      layout_roguey, nicolae_overflow_crystal_walls,
          mainiacjoe_overflow_boulevard
D:10:     layout_irregular_city, lair_entry_dummy, corexii_checkpoint_b,
          minmay_nine_imps
D:11:     layout_basic, serial_shops, shop_statue,
          nicolae_yredelemnul_corpse_copse, uniq_fannar
D:12:     layout_loops_ring, hiddenorc1_lemuel, lightli_church_of_beogh,
          uniq_gastronok, uniq_psyche
D:13:     emtedronai_trogs_sanctum, layout_stronghold, david_vaults_1
D:14:     layout_loops_ring, uniq_agnes, uniq_lodul, uniq_azrael
D:15:     hangedman_depths_entry_try_elsewhere_first, layout_basic,
          nicolae_dithmenos_the_darkroom, st_stairs_8
Temple:   nicolae_temple_panitentiary
Lair:1:   layout_loops_ring
Lair:2:   layout_misc_corridors, skrybe_swamp_entry_bodies,
          nicolae_snake_entry_squirm, gauntlet_entry_generic,
          serial_bayou_shore_b, lemuel_fruit_fields, lemuel_fruit_tree
Lair:3:   layout_gridlike
Lair:4:   layout_roguey, nicolae_lair_lakeside_cave, grunt_megastairs_3
Lair:5:   hellmonk_lair_end_abyssal_woods, layout_gridlike,
          minmay_slime_entry_jelly_boxes, columned_hall_lemuel,
          serial_bayou_lagoon_a, uniq_nessos
Swamp:1:  layout_basic_swamp, evilmike_swamp_ruin_wall,
          infiniplex_staircase_pool_2
Swamp:2:  nicolae_swamp_flooded_prison, layout_falls_marsh,
          evilmike_swamp_ruin_rubble_2, swamp_pool1,
          nicolae_swamp_nymph_family_reunion
Swamp:3:  layout_basic_swamp, nicolae_swamp_stair_fork
Swamp:4:  swamp_alternative, layout_basic_swamp
Snake:1:  layout_layer_cave, basic_altar, st_stairs_14, drop_trap
Snake:2:  layout_concentric_octagons, serial_bayou_shore_a, uniq_jorgrun,
          uniq_nikola
Snake:3:  layout_layer_cave, st_stairs_2, uniq_aizul
Snake:4:  grunt_snake_rune_pools, layout_misc_corridors, grunt_megastairs_2
Orc:1:    layout_caves, serial_shops, shop
Orc:2:    grunt_orc_gardens, layout_diamond_mine, grunt_orc_garden,
          grunt_orc_garden, grunt_orc_garden, grunt_orc_garden, basic_altar,
          nicolae_alphabet_shops, uniq_maurice, uniq_saint_roka, uniq_snorg,
          uniq_urug
Elf:1:    layout_loops_corners, orc_legates, onia_ninara_cookie
Elf:2:    elven_hall_of_blades_hangedman_alternative
          [nicolae_blade_little_rooms], layout_rooms, serial_shops, shop,
          minivault_14
Elf:3:    minmay_elf_hall_x, layout_loops_corners, basic_altar, uniq_norris,
          uniq_mara
Vaults:1: grunt_vaults_hallway_short, dpeg_vaults_monster_row,
          vaults_dpeg_emergency_exit, vaults_room_door_hall,
          nicolae_vaults_octagons, nicolae_vaults_heart-shaped_vault,
          nicolae_vaults_what_the_h, nicolae_vaults_storage_closets_1,
          hangedman_vaults_stretched_pinwheel,
          nicolae_vaults_offset_grid_hallway_4,
          nicolae_vaults_closet_pinwheel_5, nicolae_vaults_bisected_slash,
          ontoclasm_vaults_loading_screen, v_misc_15,
          vaults_room_mumra_shop_pool, layout_vaults_maze
Vaults:2: v_misc_30, vaults_room_ringed_pool, vaults_room_semicircle, v_misc_27,
          nicolae_vaults_door_testing_chamber, nicolae_vaults_shrinking_rooms_1,
          grunt_vaults_swirl, ontoclasm_vaults_loading_screen,
          vaults_room_hallway, nicolae_vaults_yaktaur_gun_rack,
          nicolae_vaults_trapezoid_layered, vaults_dpeg_ring, vaults_dpeg_cross,
          nicolae_vaults_back_hallway, layout_vaults_omnibox, serial_shops,
          nicolae_book_shop_shelving, shop, nicolae_shop_just_a_little_nook,
          shop
Vaults:3: v_rooms_5, nicolae_vaults_octothorpe, nicolae_vaults_octothorpe,
          nicolae_vaults_offset_grid_hallway_2, st_lattice,
          vaults_room_large_hall, nicolae_vaults_sesquioval_fish,
          nicolae_vaults_closet_pinwheel_1, ontoclasm_vaults_loading_screen,
          vaults_dpeg_diagonal, layout_vaults_chaotic_city, serial_shops,
          nicolae_shop_waterfront
Vaults:4: nicolae_vaults_steering_wheel, nicolae_vaults_prndl,
          vaults_dpeg_doors, nicolae_vaults_storage_room_glass,
          nicolae_vaults_diamond_2, nicolae_vaults_tangram_2,
          nicolae_vaults_stepped_doors, nicolae_vaults_tetromino_T_1,
          ontoclasm_vaults_shuriken, ontoclasm_vaults_fault,
          vaults_room_corners, vaults_mumra_minichess_inversion,
          vaults_room_door_hall, ontoclasm_vaults_spin,
          nicolae_vaults_hexular_roomagon, layout_vaults_big_cross
Vaults:5: serial_shops
Crypt:1:  layout_misc_corridors, serial_co_window_serial, co_window_paths_a,
          co_window_corner_a, co_window_corner_a, co_window_of_opportunity_a,
          co_window_paths_a, co_window_of_opportunity_a, co_window_cross_3,
          co_window_corner_b, co_window_broadway_c, co_window_4corner_b,
          glass_columns_a, glass_columns_c, glass_columns_a, glass_columns_a,
          minmay_misc_feat_hallway, uniq_donald
Crypt:2:  layout_regular_city, hangedman_blasphemy
Crypt:3:  quadcrypt_mu
Depths:1: layout_basic, minmay_misc_feat_secret_circle, hell_entry,
          minmay_misc_feat_pillars, minmay_multi_spiral, minmay_shop_star
Depths:2: minmay_shoctagon, layout_cave_pools, enter_ziggurat_b,
          mu_enter_wizlab_1, rand_demon_pan_entry_4,
          infiniplex_staircase_hallway_doors, pf_coc_iceberg
Depths:3: minmay_central_circle, layout_cave_pools, abyss_entry_flame_altar,
          pf_hell_entry_tar_river, serial_shops, nicolae_shop_back_alley_shop,
          rand_demon_pan_entry_5
Depths:4: evilmike_zot_entry_argh, layout_cave_pools, serial_co_window_serial,
          co_window_corner_a, co_window_corner_a, co_window_paths_a,
          co_window_paths_b, co_window_of_opportunity_a, co_window_paths_b,
          co_window_corner_a, co_window_paths_b, co_window_corner_a,
          co_window_paths_c, co_window_2corner, co_window_broadway_a,
          glass_columns_b, hell_entry
Zot:1:    layout_cathedral_of_symmetry, uniq_josephina
Zot:2:    lemuel_draconian_sentries, layout_twisted_circle,
          gammafunk_ghost_grave, st_large_dragon_hoard_1
Zot:3:    layout_gridlike
Zot:4:    layout_onion_interference, grunt_ministairs_2
Zot:5:    layout_gridlike, gammafunk_ghost_split, grunt_ministairs_12

Action                     |  1- 3 |  4- 6 |  7- 9 | 10-12 | 13-15 | 16-18 | 19-21 | 22-24 | 25-27 || total
---------------------------+-------+-------+-------+-------+-------+-------+-------+-------+-------++-------
  Melee: Mace              |   123 |    55 |       |       |       |       |       |       |       ||   178
         Tailslap          |    12 |    19 |    53 |   163 |   361 |   292 |   428 |   410 |   129 ||  1867
         Punch             |     2 |     2 |     5 |     7 |       |       |       |       |       ||    16
         Flail             |       |    86 |   259 |   787 |       |       |       |       |       ||  1132
         Long sword        |       |    52 |    72 |       |       |       |       |       |       ||   124
         Dire flail        |       |       |       |    68 |  1701 |       |       |       |       ||  1769
         Lajatang          |       |       |       |       |   110 |  1357 |  1721 |  1666 |   291 ||  5145
         Glaive            |       |       |       |       |       |       |       |       |   258 ||   258
  Throw: Dart              |       |       |     1 |    11 |     2 |     1 |       |       |       ||    15
 Invoke: Sacrifice Nimblen |       |       |     1 |       |       |       |       |       |       ||     1
         Sacrifice Stealth |       |       |     1 |       |       |       |       |       |       ||     1
         Power Leap        |       |       |       |     1 |       |       |       |       |       ||     1
         Sacrifice Artific |       |       |       |     1 |       |       |       |       |       ||     1
         Apocalypse        |       |       |       |     4 |    12 |     3 |     5 |     8 |     3 ||    35
         Sacrifice Resista |       |       |       |     1 |       |       |       |       |       ||     1
         Sacrifice Forms   |       |       |       |       |     1 |       |       |       |       ||     1
  Evoke: Wand              |       |     6 |    19 |    22 |       |       |       |       |       ||    47
    Use: Scroll            |     4 |     5 |     7 |    10 |     9 |     6 |     2 |    19 |    13 ||    75
         Potion            |       |       |     1 |     2 |     2 |     1 |       |     5 |    24 ||    35
   Stab: Paralysed         |       |     9 |    14 |    13 |    34 |     5 |     2 |    24 |    16 ||   117
         Sleeping          |       |     1 |     3 |       |       |       |       |       |       ||     4
         Distracted        |       |       |     1 |     2 |     6 |     4 |     2 |     7 |     6 ||    28
         Invisible         |       |       |       |     1 |    11 |     9 |     7 |    10 |     1 ||    39
         Petrified         |       |       |       |       |     6 |       |       |       |       ||     6
         Petrifying        |       |       |       |       |     1 |       |       |       |       ||     1
 Armour: Leather armour    |    40 |       |       |       |       |       |       |       |       ||    40
         Robe              |    57 |    82 |       |       |       |       |       |       |       ||   139
         Ring mail         |       |   134 |    89 |       |       |       |       |       |       ||   223
         Chain mail        |       |       |    80 |       |       |       |       |       |       ||    80
         Plate armour      |       |       |   147 |  1314 |  1544 |  1021 |  1098 |   689 |       ||  5813
         Gold dragon scale |       |       |       |       |       |       |       |   538 |   378 ||   916
  Dodge: Dodged            |    63 |   102 |    53 |   167 |   217 |   132 |   151 |   195 |   113 ||  1193
  Block: Other             |       |       |    30 |       |       |       |       |       |       ||    30
         Reflection        |       |       |     1 |       |       |       |       |       |       ||     1
         Buckler           |       |       |       |   119 |       |       |       |       |       ||   119
